 Dungeon Crawl Stone Soup version 0.30-a0-883-g5ad918d77d (webtiles) character file.

Game seed: 18243517808465776110

4424 Pimp the Carver (level 10, -5/80 HPs)
             Began as a Formicid Fighter on Mar 15, 2023.
             Was a Priest of Okawaru.
             Killed from afar by an orc wizard (9 damage)
             ... with a magic dart
             ... on level 8 of the Dungeon.
             The game lasted 00:14:04 (8190 turns).

Pimp the Carver (Formicid Fighter)                  Turns: 8190, Time: 00:14:05

Health: -5/80      AC: 20    Str: 23    XL:     10   Next: 62%
Magic:  12/14      EV: 11    Int:  8    God:    Okawaru [***...]
Gold:   427        SH: 12    Dex: 15    Spells: 14/14 levels left

rFire   + . .      SeeInvis +    x - +0 demon blade (elec)
rCold   + . .      Faith    .    c - +0 buckler
rNeg    . . .      Spirit   .    g - +0 plate armour
rPois   +          Reflect  +    (helmet unavailable)
rElec   +          Rampage  .    u - +2 cloak
rCorr   +                        (no gloves)
Will    ++...                    p - +0 pair of boots Stlth
                                 f - amulet of reflection
HPRegen 0.33/turn                k - ring of poison resistance
MPRegen 0.14/turn                m - ring of willpower

@: resistant, heroic
A: permanent stasis, dig shafts and tunnels, antennae 3, four strong arms
a: Dig, Shaft Self, Renounce Religion, Heroism


You were on level 8 of the Dungeon.
You worshipped Okawaru.
Okawaru was most pleased with you.
You visited 2 branches of the dungeon, and saw 9 of its levels.

You collected 427 gold pieces.

Inventory:

Hand Weapons
 a - a +0 war axe of protection
 x - a +0 demon blade of electrocution (weapon)
 B - a +1 war axe of flaming
Armour
 b - a +0 scale mail
 c - a +0 buckler (worn)
 d - a +0 chain mail
 g - a +0 plate armour (worn)
 i - a +0 cloak
 p - a +0 pair of boots (worn)
 u - a +2 cloak (worn)
Jewellery
 f - an amulet of reflection (around neck)
 k - a ring of poison resistance (left hand)
 m - a ring of willpower (right hand)
 y - a ring of willpower
 z - a ring of positive energy
Scrolls
 j - 3 scrolls of identify
 t - 2 scrolls of amnesia
 v - 2 scrolls of fear
Potions
 e - 5 potions of lignification
 h - 2 potions of brilliance
 n - 3 potions of degeneration
 o - 3 potions of cancellation
 q - 2 potions of attraction {unknown}
 r - a potion of berserk rage {unknown}
 s - a potion of might
 w - a potion of mutation {unknown}
 A - a potion of invisibility {unknown}


   Skills:
 - Level 8.1(13.1) Fighting
 * Level 8.2(13.2) Long Blades
 - Level 5.3(10.3) Axes
 - Level 6.2(11.2) Armour
 - Level 4.2(9.2) Dodging
 - Level 7.5(12.5) Shields
 - Level 2.8 Spellcasting


You had 14 spell levels left.
You didn't know any spells.
Your spell library contained the following spells:

 Spells                   Type           Power      Damage    Failure   Level
 Sting                    Tmut/Pois      4%         1d3       99%         1
 Lesser Beckoning         Tloc           2%         N/A       99%         2
 Poisonous Vapours        Pois/Air       2%         N/A       99%         2
 Gell's Gravitas          Tloc           1%         N/A       100%        3
 Teleport Other           Tloc           1%         N/A       100%        3
 Olgreb's Toxic Radiance  Pois           1%         N/A       100%        4


Dungeon Overview and Level Annotations

Branches:
Dungeon (8/15)             Temple (1/1) D:4
   Lair: D:8-11

Altars:
Ashenzari
Cheibriados
Dithmenos
Elyvilon
Fedhas
Gozag
Hepliaklqana
Kikubaaqudgha
Nemelex Xobeh
Okawaru
Qazlal
Ru
Trog
Uskayaw
Wu Jian
Xom
Yredelemnul
Zin

Shops:
D:5 ?

Annotations:
D:8 2 transporters, Gastronok, Grum


Innate Abilities, Weirdness & Mutations

You cannot be hasted, slowed, berserked, paralysed or teleported.
You can dig through walls and to a lower floor.
You have a pair of large antennae on your head. (SInv)
Your four strong arms can wield two-handed weapons with a shield.


Message History

The orc wizard flickers and vanishes for a moment.
The orc warrior hits you with a +0 flail.
You slash the orc wizard!
Lightning courses through the orc wizard!
You kill the orc wizard!
Okawaru accepts your kill.
Gastronok the Ponderous comes into view.
He is wearing a +2 hat of stealth.
The orc warrior hits you with a +0 broad axe!
* * * LOW HITPOINT WARNING * * *
You block the orc warrior's attack.
The sky beast hits you but does no damage.
Gastronok gurgles horribly!
You hit the orc warrior.
The orc warrior is lightly wounded.
The sky beast barely misses you.
The orc warrior hits you with a +0 broad axe!
* * * LOW HITPOINT WARNING * * *
The orc warrior hits you with a +0 flail.
* * * LOW HITPOINT WARNING * * *
You feel better. You block the sky beast's attack.
You block the orc warrior's attack. x2
You feel better. You block the sky beast's attack.
The orc warrior hits you with a +0 broad axe.
* * * LOW HITPOINT WARNING * * *
The orc warrior barely misses you.
You gain the combat prowess of a mighty hero.
Gastronok gurgles, "Are you a wizard?
Wizards taste nice..."
The orc warrior hits you with a +0 broad axe!
* * * LOW HITPOINT WARNING * * *
The orc warrior hits you but does no damage.
The sky beast closely misses you.
You hit the orc warrior.
The orc warrior is moderately wounded.
You hit the orc warrior but do no damage.
The orc warrior is moderately wounded.
The orc warrior hits you with a +0 broad axe.
* * * LOW HITPOINT WARNING * * *
The orc wizard gestures at you while chanting.
The magic dart hits you!
You die...

##.......##...#
##.......## ##
.####........# .
..#.#..#..#.## ..
............#### w..
........#....#.# ....
.....#..#......####.....
.....#....#.....ooo.#
.........##....)@o.#
##..^...###....##Y....>.
####..##.#..### .......
##.##.....# ...>...
#.....#..# ...###.
#......##....##...
#........#..........
###.##.........<.###. #.
............


You could see Gastronok, 2 orc warriors, a sky beast (invisible), an orc wizard
(invisible) and an orc.

Vanquished Creatures
  Erica (D:8)
  A troll (D:7)
  Grinder (D:3)
  Sigmund (D:3)
  A wyvern (D:8)
  Eustachio (D:4)
  A steam dragon (D:7)
  2 water moccasins
  Duvessa (D:7)
  3 ice beasts
  2 orc warriors (D:7)
  2 sky beasts
  A black bear (D:7)
  An ogre (D:6)
  A kobold brigand (D:4)
  A scorpion (D:4)
  3 bullfrogs
  2 wyvern zombies (D:8)
  A wight (D:8)
  Dowan (D:7)
  2 howler monkeys
  2 centaur zombies (D:8)
  8 hounds
  2 orc priests
  Crazy Yiuf (D:2)
  3 jellies
  3 iguanas
  8 orc wizards
  A sleepcap (D:6)
  3 howler monkey zombies (D:8)
  Robin (D:2)
  6 adders
  3 gnolls (D:5)
  4 white imps
  2 ufetubi (D:5)
  A worm (D:4)
  A dart slug (D:1)
  21 orcs
  9 bats
  8 endoplasms
  2 giant cockroaches (D:1)
  10 hobgoblins
  4 quokkas
  11 ball pythons
  5 frilled lizards
  17 goblins
  4 kobolds
  6 rats
176 creatures vanquished.

Vanquished Creatures (others)
  An orc (D:8)
1 creature vanquished.

Grand Total: 177 creatures vanquished

Notes
Turn   | Place    | Note
-------+----------+-------------------------------------------
     0 | D:1      | Pimp the Formicid Fighter began the quest for the Orb.
     0 | D:1      | Reached XP level 1. HP: 18/18 MP: 1/1
    73 | D:1      | Reached XP level 2. HP: 24/24 MP: 2/2
   316 | D:1      | Reached XP level 3. HP: 30/30 MP: 3/3
   700 | D:2      | Reached skill level 1 in Dodging
   882 | D:2      | Reached XP level 4. HP: 37/37 MP: 4/4
  1104 | D:2      | Noticed Robin
  1169 | D:2      | Killed Robin
  1200 | D:2      | Found a runed translucent door.
  1201 | D:2      | Noticed Crazy Yiuf
  1208 | D:2      | Killed Crazy Yiuf
  1209 | D:2      | Reached XP level 5. HP: 32/42 MP: 5/5
  1560 | D:3      | Found a faded altar of an unknown god.
  1607 | D:3      | Noticed Grinder
  1614 | D:3      | Killed Grinder
  1615 | D:3      | Reached skill level 5 in Fighting
  1615 | D:3      | Reached skill level 5 in Shields
  1615 | D:3      | Reached XP level 6. HP: 39/51 MP: 6/6
  2093 | D:3      | Noticed Sigmund
  2109 | D:3      | Killed Sigmund
  2110 | D:3      | Reached XP level 7. HP: 25/56 MP: 7/7
  2548 | D:4      | Noticed Eustachio
  2585 | D:5      | Entered Level 5 of the Dungeon
  2711 | D:4      | Killed Eustachio
  2712 | D:4      | Reached XP level 8. HP: 48/64 MP: 6/8
  2783 | D:4      | Reached skill level 5 in Armour
  2814 | D:4      | Found a sacrificial altar of Ru.
  2960 | D:4      | Found a staircase to the Ecumenical Temple.
  3014 | Temple   | Entered the Ecumenical Temple
  3108 | Temple   | Became a worshipper of Warmaster Okawaru
  4102 | D:5      | Found a hide-covered altar of Uskayaw.
  4167 | D:5      | Reached skill level 1 in Spellcasting
  4353 | D:5      | Found an opulent altar of Gozag.
  4438 | D:5      | Found Vuraomn's Magic Scroll Boutique.
  4692 | D:6      | Reached * piety under Okawaru
  4916 | D:6      | Found an ornate altar of the Wu Jian Council.
  5094 | D:6      | Reached XP level 9. HP: 72/72 MP: 11/11
  5126 | D:6      | Found a shimmering altar of Xom.
  5919 | D:6      | Found a broken altar of Ashenzari.
  6119 | D:7      | Noticed a troll
  6136 | D:7      | Killed a troll
  6137 | D:7      | Reached skill level 5 in Axes
  6247 | D:7      | Reached ** piety under Okawaru
  6625 | D:7      | Reached skill level 1 in Long Blades
  6703 | D:7      | HP: 1/74 [orc warrior/+0 flail of protection (9)]
  7013 | D:7      | Noticed Duvessa
  7013 | D:7      | Noticed Dowan
  7094 | D:7      | Killed Dowan
  7100 | D:7      | Killed Duvessa
  7266 | D:7      | Reached XP level 10. HP: 75/80 MP: 14/14
  7424 | D:7      | Found a shadowy altar of Dithmenos.
  7434 | D:7      | Reached skill level 5 in Long Blades
  7863 | D:8      | Found a transporter.
  7899 | D:8      | Noticed Grum
  7900 | D:8      | Found an ancient bone altar of Kikubaaqudgha.
  7902 | D:8      | Found a transporter.
  7902 | D:8      | Noticed a flayed ghost
  7926 | D:8      | Found a basalt altar of Yredelemnul.
  7953 | D:8      | Reached *** piety under Okawaru
  8166 | D:8      | Noticed Erica
  8180 | D:8      | Killed Erica
  8184 | D:8      | Noticed Gastronok
  8190 | D:8      | HP: 4/80 [orc warrior/+0 broad axe (5)]
  8190 | D:8      | Killed from afar by an orc wizard

Illustrated notes

Levels and vault maps discovered:
D:1:      saegor_arrival_simple_e, layout_rooms, chequers_jeans
D:2:      layout_loops_ring, uniq_crazy_yiuf_cottage, uniq_robin
D:3:      layout_loops_corners, hellmonk_ecumenical_altar_arch_garden,
          uniq_grinder, uniq_sigmund
D:4:      layout_basic, nicolae_ru_great_annihilating_truth,
          minmay_temple_entry_fiery, uniq_eustachio
D:5:      layout_rooms, mainiacjoe_overflow_alcove_2, kennysheep_little_box,
          serial_shops, shop
D:6:      minmay_diamond_boxcup, layout_layer_cave,
          mainiacjoe_overflow_small_starburst, mainiacjoe_overflow_alcove_4,
          xom_teletrap_fun
D:7:      layout_loops_ring, grunt_dithmenos_smoke_and_mirrors, uniq_duvessa
D:8:      layout_cave_pools, nicolae_tso_swordbearing_angel,
          gammafunk_temple_of_torment, serial_undead, serial_undead_a,
          serial_undead_d, serial_undead_d, serial_undead_c, uniq_grum,
          uniq_gastronok, uniq_erica
Temple:   hellmonk_temple_beads

Skill      XL: |  1  2  3  4  5  6  7  8  9 10 |
---------------+-------------------------------+-----
Dodging        | 1 2 3 4 |  4.2
Fighting       | 4 5 6 7 8 |  8.1
Axes           | 3 4 5 |  5.3
Armour         | 4 5 6 |  6.2
Shields        | 5 6 7 |  7.5
Spellcasting   | 1 2 |  2.8
Long Blades    | 4 8 |  8.2

Action                     |  1- 3 |  4- 6 |  7- 9 | 10-12 || total
---------------------------+-------+-------+-------+-------++-------
  Melee: War axe           |   103 |    65 |   437 |    26 ||   631
         Demon blade       |       |       |     5 |    94 ||    99
 Invoke: Heroism           |       |       |       |     1 ||     1
    Use: Scroll            |       |     2 |    12 |       ||    14
         Potion            |       |     1 |     4 |     3 ||     8
   Stab: Paralysed         |       |       |     2 |       ||     2
 Armour: Scale mail        |    64 |    17 |       |       ||    81
         Chain mail        |       |    12 |   262 |       ||   274
         Plate armour      |       |       |    13 |    75 ||    88
  Dodge: Dodged            |    49 |    28 |   205 |    38 ||   320
  Block: Buckler           |    67 |    34 |   330 |    65 ||   496
         Reflection        |       |     3 |     2 |       ||     5

Table legend: (Time is in decaauts)
 A = Elapsed time spent in this place.
 B = Non-inter-level travel time spent in this place.
 C = Inter-level travel time spent in this place.
 D = Time resting spent in this place.
 E = Time spent auto-exploring this place.
 F = Levels seen in this place.
 G = Mean time per level.
                   A        B        C        D        E       F      G
               +--------+--------+--------+--------+--------+-----+--------+
         Total |   8398 |   8090 |    308 |   1126 |   5084 |   9 |  933.1 |
       Dungeon |   8231 |   7993 |    238 |   1126 |   5002 |   8 | 1028.9 |
        Temple |    166 |     96 |     70 |      0 |     82 |   1 |  166.0 |
               +--------+--------+--------+--------+--------+-----+--------+

Top non-repeatable levels by time:
     D:7: 1764 daAuts
     D:6: 1582 daAuts
     D:4: 1223 daAuts
     D:3: 1078 daAuts
     D:5: 835 daAuts
     D:2: 734 daAuts
     D:1: 650 daAuts
     D:8: 362 daAuts
  Temple: 166 daAuts
